 Dungeon Crawl Stone Soup version 0.26.1-2-gb8aa6d0cf2 (webtiles) character file.

Game seed: 7961958782794346785

15061 Ladykiller69 the Severer (level 12, -1/108 HPs)
             Began as a Hill Orc Gladiator on Mar 19, 2021.
             Was an Elder of Wu Jian.
             Slain by a sun demon (8 damage)
             ... in a volcano.
             The game lasted 00:33:05 (15169 turns).

Ladykiller69 the Severer (Hill Orc Gladiator)      Turns: 15169, Time: 00:33:08

Health: -1/108     AC: 18    Str: 22    XL:     12   Next: 23%
Magic:  12/12      EV: 10    Int:  8    God:    Wu Jian [****..]
Gold:   657        SH:  0    Dex: 12    Spells: 11/11 levels left

rFire    + . .     SeeInvis .   E - +1 war axe (elec)
rCold    . . .     Faith    .   (no shield)
rNeg     . . .     Spirit   .   p - +0 plate armour
rPois    .         Reflect  .   c - +0 helmet
rElec    .         Harm     .   x - +0 cloak
rCorr    .         Rampage  .   U - +0 pair of gloves
Will     .....                  (no boots)
Stlth    ..........             I - amulet of magic regeneration
HPRegen  0.28/turn              o - ring of protection from fire
MPRegen  0.38/turn              (no ring)

@: very slightly contaminated, invisible
A: no striking features
a: Renounce Religion, Wall Jump, Serpent's Lash


You were in a volcano.
You worshipped Wu Jian.
Wu Jian was greatly pleased with you.
You visited 3 branches of the dungeon, and saw 13 of its levels.
You also visited: Volcano.

You collected 657 gold pieces.

Inventory:

Hand Weapons
 E - a +1 war axe of electrocution (weapon)
 N - a +1 scimitar of flaming
 R - a +0 battleaxe
Missiles
 d - 2 throwing nets
 q - 44 poisoned darts
 t - 8 javelins (quivered)
Armour
 c - a +0 helmet (worn)
 p - a +0 plate armour (worn)
 s - +0 acid dragon scales
 x - a +0 cloak (worn)
 U - a +0 pair of gloves (worn)
 X - a +3 chain mail
Jewellery
 o - a ring of protection from fire (left hand)
 z - the ring of Ryl Qeci {*Tele Str-5 Int+4 SInv}
   (You found it on level 5 of the Dungeon)

   [ring of teleportation]

   It may teleport you next to monsters.
   It affects your strength (-5).
   It affects your intelligence (+4).
   It lets you see invisible.
 I - an amulet of magic regeneration (around neck)
 P - an uncursed ring of poison resistance
 T - an uncursed ring of fire
 W - an uncursed ring of willpower {unknown}
Wands
 A - a wand of flame (48)
 D - a wand of acid (8)
 H - a wand of random effects (33)
Scrolls
 a - a scroll of acquirement {unknown}
 e - a scroll of random uselessness {unknown}
 f - 3 scrolls of fog
 i - 9 scrolls of remove curse
 j - 2 scrolls of amnesia
 k - 4 scrolls of teleportation
 n - 2 scrolls of immolation
 u - 3 scrolls of fear
 w - a scroll of enchant armour
 y - 2 scrolls of magic mapping
 B - a scroll of enchant weapon
 C - a scroll of brand weapon
 F - 2 scrolls of blinking
 L - a scroll of noise {unknown}
 M - 2 scrolls of identify
 V - a scroll of summoning {unknown}
Potions
 g - a potion of berserk rage
 h - 2 potions of invisibility
 l - 5 potions of curing
 m - 3 potions of lignification {unknown}
 r - 4 potions of heal wounds {unknown}
 v - 2 potions of resistance {unknown}
 G - 2 potions of haste {unknown}
 J - 4 potions of ambrosia {unknown}
 K - a potion of degeneration {unknown}
 O - 3 potions of might
 Q - a potion of brilliance {unknown}
 S - a potion of mutation {unknown}
Miscellaneous
 b - a phantom mirror


   Skills:
 + Level 10.6 Fighting
 * Level 15.6 Axes
 - Level 2.0 Throwing
 + Level 9.5 Armour
 + Level 7.8 Dodging


You had 11 spell levels left.
You didn't know any spells.
Your spell library contained the following spells:

 Spells                   Type           Power        Failure   Level
 Magic Dart               Conj           0%           99%         1
 Searing Ray              Conj           0%           100%        2
 Confusing Touch          Hex            0%           100%        3
 Dazzling Flash           Conj/Hex       0%           100%        3
 Gell's Gravitas          Tloc           0%           100%        3
 Fulminant Prism          Conj/Hex       0%           100%        4
 Iskenderun's Mystic Bla  Conj/Tloc      0%           100%        4
 Petrify                  Tmut/Erth      0%           100%        4
 Metabolic Englaciation   Hex/Ice        0%           100%        5
 Yara's Violent Unravell  Hex/Tmut       0%           100%        5


Dungeon Overview and Level Annotations

Branches:
Dungeon (10/15)            Temple (1/1) D:6            Lair (2/6) D:9
    Orc (0/2) D:10        Volcano (1/1)
  Swamp: Lair:2-4    Shoals: Lair:2-4     Snake: Lair:2-4    Spider: Lair:2-4

Altars:
Ashenzari
Cheibriados
Elyvilon
Gozag
Hepliaklqana
Kikubaaqudgha
Makhleb
Nemelex Xobeh
Okawaru
Qazlal
Sif Muna
Trog
Vehumet
Wu Jian
Yredelemnul
Zin

Shops:
D:7 =   D:8 (

Portals:
Abyss: Lair:1

Annotations:
D:10 Fannar
Lair:1 2 transporters, kthxbai's ghost, novice DECj


Message History

The sun demon hits you!
You are engulfed in flames!
You resist.
* * * LOW HITPOINT WARNING * * *
You barely miss the sun demon.
The sun demon is severely wounded.
The sun demon hits you!
* * * LOW HITPOINT WARNING * * *
You are engulfed in flames!
You resist.
* * * LOW HITPOINT WARNING * * *
As you read the scroll of fear, it crumbles to dust.
You assume a fearsome visage.
The red devil is unaffected.
The sun demon is unaffected.
The hell hound is unaffected.
The red devil hits you but does no damage.
The sun demon closely misses you.
You feel better.
The red devil hits you from afar with a +2 trident of flaming!
* * * LOW HITPOINT WARNING * * *
The red devil burns you.
* * * LOW HITPOINT WARNING * * *
The sun demon hits you!
You die...

§≈≈§§§§§≈≈≈≈§§§≈≈≈§≈≈§§≈≈≈≈§≈§≈
§ §§≈≈≈§≈≈.....§..........
≈§§§≈§§§########+######
§≈§§.≈§.# #.# ≈≈§§≈§≈.# #.#
§§§≈≈≈≈.# #.# §..≈§≈≈.# #.#
§≈≈≈§≈≈.# #.# ≈≈≈§≈≈≈.#. #@#
≈≈§§§§≈.### #3# ≈≈≈≈≈≈§.# .4h
§≈≈≈≈§§.# .8_8. §§≈≈≈≈≈.#
+.....+ §§§§§§≈.# #######
≈≈≈≈§≈≈≈ °○○≈°§≈≈≈≈≈ ≈
≈≈§≈≈§§≈≈≈§≈≈§≈≈≈≈≈≈≈≈ ≈≈≈


You could see a sun demon, a red devil and a hell hound.

Vanquished Creatures
  Harold (D:8)
  Erica (D:8)
  A two-headed ogre (D:8)
  An unseen horror (D:10)
  Maggie (D:8)
  A kobold demonologist (D:9)
  A cane toad (Lair:1)
  2 komodo dragons
  A red devil (Volcano)
  2 trolls
  12 blink frogs (Lair:1)
  A wraith (D:9)
  7 yaks
  2 fire bats (Volcano)
  6 humans (D:10)
  Grum (D:8)
  2 wyverns
  Menkaure (D:6)
  2 water moccasins
  An ice beast (D:10)
  A phantom (D:4)
  A necrophage (D:7)
  8 black bears
  A sky beast (D:9)
  3 ogres
  3 wolves (D:8)
  6 big kobolds
  Blork the orc (D:6)
  15 bullfrogs
  A gnoll sergeant (D:7)
  2 scorpions
  10 wights
  3 howler monkeys (D:7)
  6 lava snakes (Volcano)
  2 bullfrog zombies
  A quasit (D:7)
  A centaur zombie (D:10)
  4 jellies
  6 orc wizards
  6 hounds
  3 orc priests
  A centaur skeleton (D:5)
  Crazy Yiuf (D:6)
  Jessica (D:10)
  An iguana (D:10)
  10 worker ants
  A killer bee zombie (D:7)
  2 hound skeletons
  6 adders
  5 gnolls (D:7)
  2 river rats (D:6)
  5 shadow imps
  2 white imps (D:9)
  4 ufetubi
  7 oozes (D:1)
  An adder zombie (D:8)
  An adder skeleton (D:4)
  6 worms
  2 dart slugs (D:2)
  6 leopard geckos
  18 orcs
  11 bats
  9 giant cockroaches
  12 goblins
  7 hobgoblins
  15 jackals
  2 quokkas
  3 ball pythons
  5 frilled lizards
  A jackal skeleton (D:6)
  38 kobolds
  11 kobold skeletons (D:9)
  7 kobold zombies (D:9)
  A leopard gecko zombie (D:5)
  A quokka skeleton (D:7)
  14 rats
350 creatures vanquished.

Vanquished Creatures (others)
  An adder (D:8)
  4 bushes (D:7)
  3 fungi (Lair:1)
  A plant (Lair:1)
9 creatures vanquished.

Grand Total: 359 creatures vanquished

Notes
Turn   | Place    | Note
-------+----------+-------------------------------------------
     0 | D:1      | Ladykiller69 the Hill Orc Gladiator began the quest for the
                  | Orb.
     0 | D:1      | Reached XP level 1. HP: 18/18 MP: 1/1
     1 | D:1      | Found a runed translucent door.
   241 | D:1      | Reached XP level 2. HP: 17/25 MP: 2/2
   618 | D:1      | Reached skill level 1 in Armour
   657 | D:1      | Reached XP level 3. HP: 28/30 MP: 3/3
   888 | D:1      | Reached skill level 5 in Axes
   888 | D:1      | Reached XP level 4. HP: 23/38 MP: 4/4
  1432 | D:2      | Found a shimmering blue altar of Sif Muna.
  1788 | D:3      | Reached XP level 5. HP: 44/45 MP: 5/5
  2390 | D:3      | Found a bloodstained altar of Trog.
  2538 | D:4      | Noticed a phantom
  2704 | D:4      | Killed a phantom
  2705 | D:4      | Reached skill level 6 in Axes
  2705 | D:4      | Reached XP level 6. HP: 34/52 MP: 6/6
  3709 | D:5      | Entered Level 5 of the Dungeon
  3726 | D:5      | Found an ancient bone altar of Kikubaaqudgha.
  3796 | D:5      | Reached skill level 7 in Axes
  3796 | D:5      | Reached XP level 7. HP: 49/60 MP: 7/7
  4155 | D:5      | Got a wavering wooden ring
  4705 | D:6      | Noticed Blork the orc
  4716 | D:6      | Killed Blork the orc
  4793 | D:6      | Noticed Menkaure
  4803 | D:6      | Killed Menkaure
  4804 | D:6      | Reached skill level 5 in Fighting
  4804 | D:6      | Reached skill level 8 in Axes
  5004 | D:6      | Found a runed translucent door.
  5005 | D:6      | Noticed Crazy Yiuf
  5131 | D:6      | Found a staircase to the Ecumenical Temple.
  5140 | Temple   | Entered the Ecumenical Temple
  5172 | Temple   | Became a worshipper of the Wu Jian Council
  5265 | D:6      | Reached XP level 8. HP: 43/68 MP: 8/8
  5974 | D:6      | Killed Crazy Yiuf
  6068 | D:7      | Reached * piety under Wu Jian
  6069 | D:7      | Reached skill level 9 in Axes
  6662 | D:7      | Reached skill level 5 in Armour
  6889 | D:7      | Found Becvoysi's Jewellery Emporium.
  6909 | D:7      | Reached skill level 10 in Axes
  6909 | D:7      | Reached XP level 9. HP: 77/77 MP: 9/9
  7364 | D:7      | Found an opulent altar of Gozag.
  7368 | D:7      | Found a glowing silver altar of Zin.
  7780 | D:8      | Noticed Maggie
  7805 | D:8      | Killed Maggie
  7806 | D:8      | Reached skill level 5 in Dodging
  7868 | D:8      | Found an iron altar of Okawaru.
  7880 | D:8      | Identified the ring of Ryl Qeci {*Tele Str-5 Int+4 SInv}
                  | (You found it on level 5 of the Dungeon)
  8217 | D:8      | Reached skill level 11 in Axes
  8350 | D:8      | Noticed Erica
  8402 | D:8      | Killed Erica
  8704 | D:8      | Reached XP level 10. HP: 71/88 MP: 10/10
  8706 | D:8      | Reached ** piety under Wu Jian
  8822 | D:8      | Noticed a two-headed ogre
  8835 | D:8      | Killed a two-headed ogre
  8836 | D:8      | Reached skill level 12 in Axes
  8840 | D:8      | Noticed Grum
  9168 | D:8      | Found Fifuts's Weapon Shop.
  9210 | D:8      | Noticed Harold
  9242 | D:8      | Killed Harold
 10165 | D:8      | Killed Grum
 10166 | D:8      | Reached skill level 13 in Axes
 11157 | D:9      | Reached *** piety under Wu Jian
 11165 | D:9      | Reached XP level 11. HP: 97/97 MP: 11/11
 11205 | D:9      | Found an ancient bone altar of Kikubaaqudgha.
 11432 | D:9      | Found a staircase to the Lair.
 11480 | D:10     | Entered Level 10 of the Dungeon
 11492 | D:10     | Reached **** piety under Wu Jian
 11714 | D:10     | Killed an unseen horror
 11955 | D:10     | Noticed Fannar
 12341 | D:10     | Reached skill level 14 in Axes
 12497 | D:10     | Noticed Jessica
 12544 | D:10     | Killed Jessica
 12930 | D:10     | Found a staircase to the Orcish Mines.
 13177 | Lair:1   | Entered Level 1 of the Lair of Beasts
 13319 | Lair:1   | Found a one-way gate to the infinite horrors of the Abyss.
 13319 | Lair:1   | Noticed kthxbai's ghost (novice DECj)
 13339 | Lair:1   | Reached skill level 10 in Fighting
 13502 | Lair:1   | Reached skill level 15 in Axes
 14049 | Lair:1   | Reached XP level 12. HP: 106/107 MP: 12/12
 14198 | Lair:1   | Found a transporter.
 14200 | Lair:1   | Noticed a rakshasa
 14200 | Lair:1   | Noticed a cacodemon
 14202 | Lair:1   | Identified the +4 trident of Governance {distort, +Rage
                  | Str+7}
 14295 | Lair:1   | Found a transporter.
 14692 | Lair:2   | Found a dark tunnel.
 14697 | Volcano  | Entered a volcano
 15151 | Volcano  | Found a radiant altar of Vehumet.
 15151 | Volcano  | Noticed a sun demon
 15169 | Volcano  | Slain by a sun demon

Illustrated notes

Levels and vault maps discovered:
D:1:      dpeg_arrival_caged_fury, layout_rooms
D:2:      layout_rooms, lemuel_coloured_pillars_altar
D:3:      layout_basic, lemuel_crystal_altar
D:4:      layout_basic, grunt_decor_one_mirror, kennysheep_small_spiral,
          kennysheep_generic_room_15
D:5:      layout_cave_pools, lemuel_round_altar, serial_co_window_serial,
          co_window_corner_a, co_window_of_opportunity_a, co_window_corner_a,
          co_window_paths_b, co_window_corner_a, co_window_paths_c,
          co_window_broadway_b, co_window_cross_4, co_window_4corner_a,
          glass_columns_b, kennysheep_generic_room_14
D:6:      layout_basic, minmay_temple_entry_statues_pillars,
          lightli_sewer_entry_pipes, uniq_blork_the_orc,
          uniq_crazy_yiuf_cottage, uniq_menkaure
D:7:      layout_layer_cave, grunt_temple_overflow_gold_and_silver,
          serial_shops, shop, minmay_hedge_maze, kennysheep_opposing_triangles
D:8:      minmay_angry_zag, layout_loops_ring, kennysheep_mini, serial_shops,
          shop, minmay_radiant, uniq_grum, uniq_maggie, uniq_harold, uniq_erica
D:9:      wander_kiku_kobolds, layout_long_grid, lair_entry_dummy
D:10:     erik_cavepeople, layout_basic, orc_0_dummy, minmay_misc_feat_pillars,
          fountainhead, uniq_fannar
Temple:   nicolae_temple_elliptical
Lair:1:   layout_loops_ring, gammafunk_ghost_abyssal_escape,
          beast_lair_carwin_8, infiniplex_staircase_pool_2
Lair:2:   layout_concentric_octagons, nicolae_volcano_entry_s_turn,
          infiniplex_staircase_pool
Volcano:  volcano_lake [vl_original]

Skill      XL: |  1  2  3  4  5  6  7  8  9 10 11 |
---------------+----------------------------------+-----
Throwing       | 2 |  2.0
Armour         | 1 2 3 5 6 7 9 |  9.5
Fighting       | 3 4 5 6 7 9 10 | 10.6
Axes           | 5 6 7 8 10 11 13 15 | 15.6
Dodging        | 3 4 5 6 7 |  7.8

Action                   |  1- 3 |  4- 6 |  7- 9 | 10-12 || total
-------------------------+-------+-------+-------+-------++-------
Melee: War axe           |    93 |   232 |   339 |   313 ||   977
       Hand axe          |       |       |   133 |       ||   133
       Battleaxe         |       |       |       |   311 ||   311
Throw: Dart              |       |     9 |    10 |       ||    19
       Throwing net      |       |       |     1 |     3 ||     4
       Javelin           |       |       |       |     4 ||     4
Invok: Lunge             |       |       |    15 |    45 ||    60
       Whirlwind         |       |       |     5 |    68 ||    73
Evoke: Wand              |       |       |       |     1 ||     1
  Use: Scroll            |       |       |    13 |     3 ||    16
       Potion            |       |       |     2 |     2 ||     4
 Stab: Invisible         |       |       |       |     1 ||     1
Armor: Leather armour    |    10 |       |       |       ||    10
       Chain mail        |    55 |   140 |   220 |       ||   415
       Acid dragon scale |       |       |    18 |    13 ||    31
       Plate armour      |       |       |       |   254 ||   254
Dodge: Dodged            |    63 |   117 |   256 |   250 ||   686
